Map: Taito Citadel LE

Players

Khoma - Winner!

  • Race: Protoss Protoss
  • League: Diamond
  • Spawn Location: 11:00

HoldTheDoor

  • Race: Protoss Protoss
  • League: Diamond
  • Spawn Location: 5:00

VOD

Have the link to the VOD?

Description

Time

  • Played on: May 20, 2026, 11:51 a.m.
  • Length: 5:45
Show
View Real Time Build Order
Export as new Build Order

Khoma Protoss - Winner!

Build Orders: Blink Stalkers 

Get SALT Encoding   

  12  0:04  Probe  
  13  0:16  Probe  
  13  0:18  Pylon  
  14  0:28  Probe  
  15  0:37  Gateway  
  15  0:40  Assimilator  
  15  0:44  Probe  
  16  0:53  Probe  
  16  0:56  Assimilator  
  17  1:01  Probe  
  17  1:10  Probe  
  18  1:15  Pylon  
  19  1:22  Probe  
  20  1:29  Cybernetics Core  
  20  1:34  Probe  
  21  1:42  Gateway  
  21  1:46  Warp Gate  
  21  1:57  Probe  
  22  2:05  Stalker  
  24  2:13  Probe  
  24  2:14  Pylon  
  25  2:23  Twilight Council  
  25  2:28  Stalker  
  27  2:43  Probe  
  28  2:45  Stalker  
  28  2:48  Gateway  
  28  2:51  Blink  
  30  3:04  Pylon  
  30  3:06  Stalker  
  31  3:14  Stalker  
  33  3:29  Pylon  
  33  3:50  Pylon, Stalker x2  
  33  3:52  Stalker  
  39  4:22  Stalker x2  
  39  4:23  Stalker  
  45  4:51  Stalker x3  
  51  4:58  Pylon  
  51  5:15  Pylon  
  51  5:24  Gateway  
  51  5:25  Stalker x3  
Show
View Real Time Build Order
Export as new Build Order

HoldTheDoor Protoss 

Build Orders: Mass Adepts 

Get SALT Encoding   

  12  0:00  Probe  
  13  0:13  Probe  
  14  0:22  Pylon  
  14  0:25  Probe  
  15  0:36  Probe  
  16  0:42  Gateway  
  16  0:44  Probe  
  17  0:53  Assimilator  
  17  0:54  Probe  
  18  1:07  Probe  
  18  1:09  Assimilator  
  19  1:20  Gateway  
  19  1:21  Probe  
  20  1:33  Probe  
  21  1:43  Pylon  
  21  1:46  Pylon, Cybernetics Core  
  21  1:53  Probe  
  22  2:05  Probe  
  23  2:17  Probe, Warp Gate  
  23  2:22  Stalker x2  
  24  2:29  Probe  
  29  2:32  Pylon  
  29  2:41  Probe  
  30  2:53  Probe  
  31  3:03  Gateway  
  31  3:05  Gateway, Probe  
  32  3:30  Gateway  
  32  3:31  Gateway  
  32  3:36  Pylon  
  32  3:37  Shield Battery  
  32  4:06  Adept x2  
  32  4:07  Adept x2  
  40  4:26  Adept x3  
  40  4:27  Adept  
  40  4:28  Adept x2  
  46  5:05  Nexus  
  46  5:06  Robotics Facility  
  46  5:08  Pylon  
  46  5:11  Pylon  
  46  5:12  Twilight Council  
  46  5:25  Shield Battery  
  46  5:27  Shield Battery  
  46  5:30  Pylon  
  46  5:41  Zealot x2  
Tags
 
Add a new tag
Caveats
  • Supply blocks, unpowered buildings, or Contaminate may cause inaccurate times.
  • Supply counts are checked every 10 seconds.